 Dungeon Crawl Stone Soup version 0.22.1-2-g9c5b331 (webtiles) character file.

150 Fang the Skirmisher (level 5, 0/33 HPs)
             Began as a Gargoyle Berserker on Dec 6, 2018.
             Was a Believer of Trog.
             Slain by an adder (2 damage)
             ... on level 3 of the Dungeon.
             The game lasted 00:07:20 (3126 turns).

Fang the Skirmisher (Gargoyle Berserker)            Turns: 3126, Time: 00:07:21

Health: 0/33       AC:  6    Str: 22    XL:     5   Next: 32%
Magic:  5/5        EV: 12    Int:  7    God:    Trog [**....]
Gold:   85         SH:  0    Dex:  9    Spells: 4/4 levels left

rFire    . . .     SeeInvis .   a - +0 hand axe
rCold    . . .     Gourm    .   (no shield)
rNeg     + . .     Faith    .   b - +0 animal skin
rPois    ∞         Spirit   .   (no helmet)
rElec    +         Reflect  .   (no cloak)
rCorr    .         Harm     .   (no gloves)
MR       .....                  (no boots)
Stlth    +.........             (no amulet)
HPRegen  0.11/turn              (no ring)
MPRegen  0.09/turn              (no ring)

@: berserk cooldown, slowed, very slow
A: negative energy resistance 1, electricity resistance, unbreathing,
petrification resistance, rot immunity, AC +4
a: Berserk, Trog's Hand, Renounce Religion


You were on level 3 of the Dungeon.
You worshipped Trog.
Trog was pleased with you.
You were very hungry.

You visited 1 branch of the dungeon, and saw 3 of its levels.

You collected 85 gold pieces.

Inventory:

Hand Weapons
 a - a +0 hand axe (weapon)
Armour
 b - a +0 animal skin (worn)
Scrolls
 d - 3 scrolls of identify {unknown}
 e - a scroll of teleportation {unknown}
 g - a scroll of blinking {unknown}
 i - a scroll of remove curse {unknown}
 j - a scroll of fear {unknown}
Potions
 f - a potion of haste {unknown}
 h - a potion of heal wounds
Comestibles
 c - 4 rations


   Skills:
 + Level 4.0 Fighting
 + Level 4.0 Axes
 + Level 2.4 Armour
 + Level 2.6 Dodging
 + Level 0.8 Stealth


You had 4 spell levels left.
You didn't know any spells.
Your spell library was empty.

Dungeon Overview and Level Annotations

Branches:
Dungeon (3/15)

Altars:
Makhleb


Innate Abilities, Weirdness & Mutations

You are resistant to torment.
Your stone body is resilient. (AC +4)
You are immune to poison.
You resist negative energy. (rN+)
You are resistant to electric shocks. (rElec)
You can survive without breathing.
You are immune to petrification.
You are immune to rotting.


Message History

You closely miss the adder.
The adder is moderately wounded.
The adder barely misses you. The adder bites you but does no damage.
The adder bites you.
* * * LOW HITPOINT WARNING * * *
You hit the adder.
The adder is moderately wounded.
The adder bites you.
* * * LOW HITPOINT WARNING * * *
The adder bites you.
* * * LOW HITPOINT WARNING * * *
You barely miss the adder.
The adder is moderately wounded.
The adder closely misses you. The adder bites you but does no damage.
You hit the adder but do no damage.
The adder is moderately wounded.
The adder barely misses you. The adder bites you but does no damage.
The adder bites you but does no damage. The adder bites you.
You die...

#........#
#........#
#........#
#!.......#
#........#
#........# #)#
#S# #@# #.
#####.#####
#.##.........#
..#.........#
#.#............
#..#...........
####.#..........#
#...........#####
#......)....#


You could see an adder.

Vanquished Creatures
  A hound (D:2)
  3 adders (D:2)
  An ooze (D:2)
  3 worms
  A dart slug (D:2)
  4 leopard geckos
  4 orcs (D:3)
  8 giant cockroaches
  7 goblins
  3 hobgoblins
  6 jackals (D:1)
  A quokka (D:2)
  4 bats
  3 frilled lizards
  11 kobolds
  7 rats
67 creatures vanquished.

Notes
Turn   | Place    | Note
-------+----------+-------------------------------------------
     0 | D:1      | Fang the Gargoyle Berserker began the quest for the Orb.
     0 | D:1      | Reached XP level 1. HP: 14/14 MP: 1/1
   342 | D:1      | Reached XP level 2. HP: 18/19 MP: 2/2
   671 | D:1      | Reached XP level 3. HP: 20/24 MP: 3/3
   931 | D:1      | Reached ** piety under Trog
  1509 | D:2      | Reached XP level 4. HP: 15/29 MP: 4/4
  2275 | D:2      | Found a faded altar of an unknown god.
  2816 | D:2      | Reached XP level 5. HP: 25/33 MP: 5/5
  2884 | D:2      | Found a burning altar of Makhleb.
  3122 | D:3      | HP: 1/33 [adder (3)]
  3126 | D:3      | Slain by an adder

Skill      XL: |  1  2  3  4 |
---------------+-------------+-----
Axes           | 3 4 |  4.0
Dodging        | 2 |  2.6
Fighting       | 4 |  4.0
Armour         | |  2.4
Stealth        | |  0.8

Action                   |  1- 3 |  4- 6 || total
-------------------------+-------+-------++-------
Melee: Hand axe          |   131 |   124 ||   255
Invok: Berserk           |       |     1 ||     1
  Eat: Chunk             |     2 |     5 ||     7
Armor: Animal skin       |    72 |    33 ||   105
Dodge: Dodged            |   117 |    83 ||   200
